[Event "Titled Tuesday Blitz March 28 Early 2023"]
[White "Urbina Quiroz, Edwin"]
[Black "Goudriaan, Etienne"]
[WhiteFideId "6500650"]
[BlackFideId "1021150"]
[WhiteElo "2150"]
[BlackElo "2318"]
[Result "0-1"]
[Round "01"]
[TimeControl "180+2"]
[Date "2023.03.28"]
[WhiteClock "0:00:42"]
[BlackClock "0:01:25"]

1. e4 c5 2. Nf3 d6 3. d4 cxd4 4. Nxd4 Nf6 5. Nc3 a6 6. Bc4 e6 7. Bb3 Nbd7 8. O-O Nc5 9. f4 Be7 10. e5 dxe5 11. fxe5 Nfd7 12. Qh5 g6 13. Qe2 b5 14. Qf3 Nxe5 15. Qxa8 Qxd4+ 16. Kh1 O-O 17. Rd1 Qh4 18. Be3 Bb7 19. Qa7 Ng4 20. Bg1 b4 21. Ne2 Nf2+ 22. Bxf2 Qxf2 23. Rg1 Qxe2 24. Rae1 Bxg2+ 0-1


[Site "https://www.chess.com"]

[Event "Titled Tuesday Blitz March 28 Early 2023"]
[White "Seemann, Jakub"]
[Black "Abrosimov, Vladimir"]
[WhiteFideId "21874697"]
[BlackFideId "4166892"]
[WhiteElo "2364"]
[BlackElo "2336"]
[Result "1-0"]
[Round "01"]
[TimeControl "180+2"]
[Date "2023.03.28"]
[WhiteClock "0:01:58"]
[BlackClock "0:01:04"]

1. c4 c5 2. Nc3 Nc6 3. Nf3 g6 4. e3 Bg7 5. d4 cxd4 6. exd4 e6 7. Be2 d5 8. cxd5 exd5 9. O-O Nge7 10. Bf4 O-O 11. h3 Nf5 12. Be5 Nxe5 13. dxe5 Be6 14. Nb5 a6 15. Nbd4 Nxd4 16. Qxd4 Rc8 17. Qd2 b5 18. Rac1 Qb6 19. Bd3 Qb8 20. Rce1 Rc7 21. Nd4 Rfc8 22. Kh1 Rc5 23. f4 Bh6 24. Qf2 Bg7 25. f5 gxf5 26. Nxf5 Bxf5 27. Qxf5 R8c7 28. Qxh7+ Kf8 29. e6 f6 30. e7+ Rxe7 31. Rxe7 Kxe7 32. Qxg7+ Kd8 33. Rxf6 Rc1+ 34. Bf1 Re1 35. Rf8+ Re8 36. Rxe8+ Kxe8 37. Qg8+ 1-0


[Site "https://www.chess.com"]

[Event "Titled Tuesday Blitz March 28 Early 2023"]
[White "Fajdetic, Hrvoje"]
[Black "Khumalo, Keith"]
[WhiteFideId "14501945"]
[BlackFideId "14319470"]
[WhiteElo "2185"]
[BlackElo "2056"]
[Result "1-0"]
[Round "01"]
[TimeControl "180+2"]
[Date "2023.03.28"]
[WhiteClock "0:00:33"]
[BlackClock "0:01:02"]

1. d4 Nf6 2. Bf4 c5 3. e3 Qb6 4. Na3 cxd4 5. exd4 d6 6. Nc4 Qd8 7. a4 g6 8. c3 Bg7 9. h3 O-O 10. Nf3 b6 11. Bd3 Bb7 12. O-O a6 13. Qb3 Nbd7 14. Nfd2 Qc7 15. Rfe1 Rfe8 16. Re2 e5 17. Bh2 Qc6 18. f3 exd4 19. Nxd6 Nc5 20. Qxf7+ Kh8 21. Nxe8 Nxe8 22. Be4 Nxe4 23. Nxe4 h6 24. cxd4 Bxd4+ 25. Kh1 Bg7 26. Rd1 Qxa4 27. Rd7 Bc6 28. Nf6 Bxd7 29. Qg8# 1-0


[Site "https://www.chess.com"]

[Event "Titled Tuesday Blitz March 28 Early 2023"]
[White "Kim, Sergey"]
[Black "Ruge, Edison"]
[WhiteFideId "13700570"]
[BlackFideId "4401000"]
[WhiteElo "2617"]
[BlackElo "2175"]
[Result "1-0"]
[Round "01"]
[TimeControl "180+2"]
[Date "2023.03.28"]
[WhiteClock "0:00:56"]
[BlackClock "0:00:01"]

1. d4 Nf6 2. c4 g6 3. Nc3 Bg7 4. e4 d6 5. Nge2 c6 6. Ng3 h5 7. Be2 h4 8. Nf1 h3 9. g4 e5 10. d5 c5 11. Ng3 Rh4 12. f3 Rh8 13. Be3 Na6 14. Qd2 Nc7 15. a4 Bd7 16. O-O Na6 17. Kh1 Nb4 18. Bg5 Qc8 19. Nb5 Bxb5 20. axb5 Nd7 21. Ra3 a5 22. Rg1 f6 23. Be3 b6 24. Raa1 Qd8 25. Nf1 g5 26. Ng3 Nf8 27. Nf5 Qd7 28. Rg3 Ng6 29. Bf1 O-O-O 30. Bxh3 Nf4 31. Bf1 Bf8 32. Rg1 Qh7 33. h4 Be7 34. Bxf4 exf4 35. h5 Bf8 36. Kg2 Re8 37. Rh1 Qd7 38. Bd3 Re5 39. Ra4 Be7 40. Rha1 Bd8 41. Be2 Rhe8 42. Bd1 Qh7 43. R1a3 Rxf5 44. gxf5 Qxh5 45. Qf2 Rh8 46. Kf1 Qh3+ 47. Qg2 Qh4 48. Ke2 Qh2 49. Qxh2 Rxh2+ 50. Kf1 Rxb2 51. Be2 Nc2 52. Ra2 Ne3+ 53. Kf2 Rb1 54. Ra1 Rb2 55. R4a2 Rb4 56. Rh1 1-0


[Site "https://www.chess.com"]

[Event "Titled Tuesday Blitz March 28 Early 2023"]
[White "Demin, Vladimir"]
[Black "Schut, Han"]
[WhiteFideId "4167457"]
[BlackFideId "1005561"]
[WhiteElo "2605"]
[BlackElo "2024"]
[Result "1-0"]
[Round "01"]
[TimeControl "180+2"]
[Date "2023.03.28"]
[WhiteClock "0:00:33"]
[BlackClock "0:00:03"]

1. e4 c5 2. Nf3 d6 3. d4 cxd4 4. Qxd4 Nc6 5. Bb5 Bd7 6. Bxc6 Bxc6 7. Nc3 Nf6 8. Bg5 e6 9. O-O-O Be7 10. Qd3 O-O 11. Nd4 Bd7 12. f4 h6 13. h4 Ng4 14. Qg3 h5 15. Bxe7 Qxe7 16. Rhe1 Rfc8 17. f5 Ne5 18. Nf3 Nc4 19. Nd2 Ne5 20. Nf3 Nc4 21. e5 d5 22. f6 Qf8 23. Nd2 g6 24. Nxc4 Rxc4 25. Qe3 Rac8 26. Rd4 Kh7 27. Red1 b5 28. Rxc4 Rxc4 29. Ne2 Qh6 30. Qxh6+ Kxh6 31. g3 g5 32. Rd4 Kg6 33. Rxc4 bxc4 34. Nd4 a5 35. Kd2 a4 36. Kc3 Be8 37. Kb4 Bd7 38. Kc5 Be8 39. Kd6 g4 40. Ke7 a3 41. b3 cxb3 42. cxb3 1-0


[Site "https://www.chess.com"]

[Event "Titled Tuesday Blitz March 28 Early 2023"]
[White "Vadim_Galchenko"]
[Black "Richter, Nils"]
[BlackFideId "12990809"]
[WhiteElo "2260"]
[BlackElo "2381"]
[Result "0-1"]
[Round "01"]
[TimeControl "180+2"]
[Date "2023.03.28"]
[WhiteClock "0:00:04"]
[BlackClock "0:00:20"]

1. e4 c5 2. a3 d5 3. exd5 Qxd5 4. Nc3 Qd8 5. Nf3 Nc6 6. b4 cxb4 7. axb4 Nxb4 8. Ne5 Nc6 9. Bb5 Bd7 10. Nxd7 Qxd7 11. O-O Nf6 12. d4 e6 13. Re1 Be7 14. Be3 O-O 15. h3 a6 16. Bd3 Nb4 17. Be2 Nbd5 18. Nxd5 Nxd5 19. c4 Nc3 20. Qb3 Nxe2+ 21. Rxe2 b5 22. c5 a5 23. Rb2 b4 24. Ra4 h6 25. Rba2 Qc7 26. Bd2 Rad8 27. Rxa5 Rxd4 28. Be3 Rd5 29. Ra7 Qd8 30. Qxb4 Rd1+ 31. Kh2 Qd5 32. Rd2 Rxd2 33. Qxd2 Qxd2 34. Bxd2 Bxc5 35. Ra2 Bxf2 36. Bxh6 Bd4 37. Bf4 e5 38. Bg3 f5 39. Re2 f4 40. Be1 Kf7 41. Bb4 Rb8 42. Bd6 Rb6 43. Bc7 Rc6 44. Bb8 Ke6 45. h4 Kf5 46. Kh3 e4 47. Re1 e3 48. Rf1 Be5 49. Bxe5 Kxe5 50. Kg4 Rg6+ 51. Kh3 Rg3+ 52. Kh2 Ke4 53. Rb1 e2 54. Rb4+ Kd3 55. Rb1 Kd2 56. Rb2+ Kd1 57. Rb1+ Kc2 58. Re1 Kd2 0-1


[Site "https://www.chess.com"]

[Event "Titled Tuesday Blitz March 28 Early 2023"]
[White "Sielecki, Christof"]
[Black "monkins"]
[WhiteFideId "4620437"]
[WhiteElo "2443"]
[BlackElo "2259"]
[Result "1-0"]
[Round "01"]
[TimeControl "180+2"]
[Date "2023.03.28"]
[WhiteClock "0:00:09"]
[BlackClock "0:00:03"]

1. e4 c5 2. Nf3 g6 3. c3 d5 4. exd5 Qxd5 5. d4 Nf6 6. Na3 a6 7. Nc4 Nbd7 8. Be2 Bg7 9. O-O O-O 10. dxc5 Qxc5 11. a4 Qc7 12. a5 b5 13. axb6 Nxb6 14. Nxb6 Qxb6 15. Qd4 Rb8 16. Qxb6 Rxb6 17. Ne5 Ne4 18. Nc4 Rb8 19. Na5 Rb6 20. Nc4 Rb8 21. Bf4 e5 22. Be3 Be6 23. Nb6 f5 24. f3 f4 25. fxe4 fxe3 26. Rxa6 Bh6 27. b4 Rf2 28. Rxf2 exf2+ 29. Kxf2 Bd2 30. Nd5 Bxd5 31. exd5 Bxc3 32. b5 Bd4+ 33. Kf3 Kf7 34. d6 1-0


[Site "https://www.chess.com"]

[Event "Titled Tuesday Blitz March 28 Early 2023"]
[White "Qashashvili, Alexandre"]
[Black "Olenik Campa, Rudi"]
[WhiteFideId "13600842"]
[BlackFideId "14633264"]
[WhiteElo "2405"]
[BlackElo "2249"]
[Result "0-1"]
[Round "01"]
[TimeControl "180+2"]
[Date "2023.03.28"]
[WhiteClock "0:00:02"]
[BlackClock "0:00:20"]

1. e4 c5 2. Nc3 Nc6 3. Nf3 e5 4. Bc4 d6 5. d3 Be7 6. h3 Nf6 7. O-O O-O 8. Bg5 a6 9. Bxf6 Bxf6 10. Nd5 b5 11. Nxf6+ Qxf6 12. Bd5 Bd7 13. c3 Rab8 14. a3 Ne7 15. Bb3 Be6 16. Bxe6 Qxe6 17. Re1 f5 18. d4 fxe4 19. Rxe4 cxd4 20. cxd4 Qf5 21. Qe2 Ng6 22. dxe5 Nf4 23. Qe3 d5 24. Rd4 Rb6 25. Rad1 Rg6 26. Nh4 Nxh3+ 27. Kh2 Qh5 28. Qxh3 Rh6 29. Qg4 Qxe5+ 30. Kg1 Qf6 31. Nf3 Rg6 32. Qh5 Qxf3 33. Qxg6 Qxf2+ 34. Kh1 hxg6 35. Rxd5 Qh4+ 36. Kg1 Qf2+ 37. Kh1 Qxb2 38. Rd7 Qxa3 39. Ra7 Rf5 40. Rd8+ Kh7 41. Raa8 Rh5+ 42. Kg1 Qc1+ 43. Kf2 Qc5+ 44. Ke1 Re5+ 45. Kd1 Rd5+ 46. Ke1 Rxd8 47. Rxd8 Qe7+ 0-1


[Site "https://www.chess.com"]

[Event "Titled Tuesday Blitz March 28 Early 2023"]
[White "Rastbod, Ali"]
[Black "Lauridsen, Jesper Morch"]
[WhiteFideId "12567477"]
[BlackFideId "1401890"]
[WhiteElo "2211"]
[BlackElo "2251"]
[Result "1-0"]
[Round "01"]
[TimeControl "180+2"]
[Date "2023.03.28"]
[WhiteClock "0:01:29"]
[BlackClock "0:00:23"]

1. e4 c5 2. Nc3 Nc6 3. g3 g6 4. Bg2 Bg7 5. d3 e6 6. Be3 Nd4 7. Qd2 Ne7 8. Nd1 d5 9. c3 dxe4 10. dxe4 h6 11. f4 Nec6 12. cxd4 cxd4 13. Bf2 Bf8 14. a3 Na5 15. Qxd4 Nb3 16. Qa4+ Bd7 17. Qxb3 Rc8 18. Bd4 e5 19. Bxe5 f6 20. Bc3 Bc5 21. Nf3 Rh7 22. Qg8+ 1-0


[Site "https://www.chess.com"]

[Event "Titled Tuesday Blitz March 28 Early 2023"]
[White "Floresvillar Gonzalez, Luis Migu"]
[Black "Domingo Nunez, Alejandro"]
[WhiteFideId "5100542"]
[BlackFideId "22245561"]
[WhiteElo "2040"]
[BlackElo "2230"]
[Result "0-1"]
[Round "01"]
[TimeControl "180+2"]
[Date "2023.03.28"]
[WhiteClock "0:00:09"]
[BlackClock "0:00:59"]

1. d4 g6 2. c3 Bg7 3. Nf3 Nf6 4. h4 O-O 5. Bg5 b6 6. Nbd2 Bb7 7. e3 d6 8. Be2 Nbd7 9. b4 a5 10. a3 e5 11. e4 Qe8 12. d5 Nh5 13. Nh2 f6 14. Bxh5 fxg5 15. Bg4 gxh4 16. Be6+ Kh8 17. Qg4 Nf6 18. Qxh4 Nh5 19. g3 axb4 20. cxb4 Qd8 21. Qxd8 Rfxd8 22. O-O c5 23. bxc5 bxc5 24. Rfb1 Ba6 25. Rb6 Bh6 26. Ndf1 Bd3 27. Ng4 Bg5 28. f3 c4 29. Nge3 Nxg3 30. Nxg3 Bxe3+ 31. Kg2 Bxb6 32. Rh1 Rxa3 0-1


[Site "https://www.chess.com"]

[Event "Titled Tuesday Blitz March 28 Early 2023"]
[White "Rosen, Eric"]
[Black "Georg, Heinz"]
[WhiteFideId "2032562"]
[BlackFideId "4607295"]
[WhiteElo "2331"]
[BlackElo "2247"]
[Result "1-0"]
[Round "01"]
[TimeControl "180+2"]
[Date "2023.03.28"]
[WhiteClock "0:00:21"]
[BlackClock "0:00:15"]

1. d4 f5 2. Bf4 Nf6 3. e3 e6 4. Nf3 b6 5. c4 Bb7 6. a3 Be7 7. Nc3 O-O 8. h3 h6 9. Be2 d6 10. Qb3 Qe8 11. c5 Qf7 12. Bc4 d5 13. Be2 Nc6 14. Nb5 Na5 15. Qc2 c6 16. Nd6 Bxd6 17. Bxd6 Rfc8 18. Ne5 Qe8 19. b4 Nc4 20. Nxc4 dxc4 21. Bxc4 a5 22. Qxf5 Nd5 23. Qb1 axb4 24. axb4 Rxa1 25. Qxa1 Nxb4 26. O-O b5 27. Bb3 Ra8 28. Qb1 Nd5 29. e4 Nc3 30. Qd3 b4 31. Bc4 Ra3 32. Kh1 Kh8 33. Be5 Qg6 34. Qg3 Qxg3 35. fxg3 Nxe4 36. Rf8+ Kh7 37. Bxe6 Nxg3+ 38. Kh2 b3 39. Bxg3 b2 40. Bf5+ g6 41. Be5 gxf5 42. Rf7+ Kg6 43. Rxb7 Ra2 44. d5 cxd5 45. Rxb2 Ra5 46. Rc2 f4 47. c6 Ra8 48. Bxf4 Rc8 49. c7 Kf5 50. Bg3 Ke4 51. Rb2 d4 52. Rb8 Rxc7 53. Bxc7 d3 54. Ba5 d2 55. Bxd2 1-0


[Site "https://www.chess.com"]

[Event "Titled Tuesday Blitz March 28 Early 2023"]
[White "Rodriguez Santiago, Jaime"]
[Black "Priyanka Nutakki"]
[WhiteFideId "3100898"]
[BlackFideId "25049615"]
[WhiteElo "2025"]
[BlackElo "2256"]
[Result "0-1"]
[Round "01"]
[TimeControl "180+2"]
[Date "2023.03.28"]
[WhiteClock "0:00:54"]
[BlackClock "0:01:12"]

1. c4 e6 2. Nf3 d5 3. g3 Nf6 4. Bg2 d4 5. O-O c5 6. b3 Nc6 7. e3 Bd6 8. exd4 cxd4 9. d3 O-O 10. Re1 e5 11. Nbd2 Bf5 12. Ne4 Nxe4 13. dxe4 Bg4 14. h3 Bh5 15. a3 a5 16. Qd3 Qe7 17. Nh4 Bg6 18. Bb2 Rac8 19. Rad1 Nb8 20. Nf5 Qd7 21. Nxd6 Qxd6 22. Qd2 b6 23. f4 f6 24. fxe5 fxe5 25. Rf1 Nd7 26. Qg5 Nc5 27. h4 Nxe4 28. Qg4 h5 29. Qe2 Nxg3 0-1


[Site "https://www.chess.com"]

[Event "Titled Tuesday Blitz March 28 Early 2023"]
[White "Jia, Haoxiang"]
[Black "Lesbekova, Assel"]
[WhiteFideId "8602999"]
[BlackFideId "13713248"]
[WhiteElo "2591"]
[BlackElo "1799"]
[Result "1-0"]
[Round "01"]
[TimeControl "180+2"]
[Date "2023.03.28"]
[WhiteClock "0:00:25"]
[BlackClock "0:00:02"]

1. d4 f5 2. Nf3 d6 3. g3 Nf6 4. Bg2 g6 5. O-O Bg7 6. c4 O-O 7. Nc3 Nc6 8. b3 e5 9. dxe5 dxe5 10. Ba3 Re8 11. Qxd8 Nxd8 12. Rad1 Nf7 13. Nb5 e4 14. Nfd4 Bf8 15. Bxf8 Rxf8 16. Nxc7 Rb8 17. f3 a6 18. fxe4 Nxe4 19. Bxe4 fxe4 20. Nd5 Kg7 21. Rf4 Ng5 22. Rxf8 Kxf8 23. h4 Ne6 24. Nxe6+ Bxe6 25. Nf6 Kg7 26. Nxe4 Bg4 27. Rd2 Re8 28. Nd6 Re7 29. e4 b6 30. Kf2 Kf6 31. Ke3 Ke6 32. Nc8 Rb7 33. Rd6+ Ke5 34. Rd5+ Kf6 35. e5+ Ke6 36. Kd4 Rf7 37. Rd6+ Kf5 38. Rxb6 Bf3 39. Nd6+ Ke6 40. Nxf7+ Kxf7 41. Rf6+ 1-0


[Site "https://www.chess.com"]

[Event "Titled Tuesday Blitz March 28 Early 2023"]
[White "rionelG"]
[Black "Alex_Sahakyan2006"]
[WhiteElo "2233"]
[BlackElo "2589"]
[Result "0-1"]
[Round "01"]
[TimeControl "180+2"]
[Date "2023.03.28"]
[WhiteClock "0:00:08"]
[BlackClock "0:01:34"]

1. e4 Nc6 2. d4 d5 3. exd5 Qxd5 4. Nf3 Bg4 5. Be2 O-O-O 6. c4 Qa5+ 7. Bd2 Qf5 8. d5 Bxf3 9. Bxf3 Ne5 10. Be2 Nd3+ 11. Bxd3 Qxd3 12. Qe2 Qxe2+ 13. Kxe2 e6 14. Nc3 exd5 15. cxd5 Nf6 16. Bg5 Be7 17. Rhd1 Nxd5 18. Rxd5 Rxd5 19. Nxd5 Bxg5 20. f4 Re8+ 21. Kf3 Bd8 22. Rd1 c6 23. Nc3 f5 24. h3 Bb6 25. g4 Re3+ 26. Kg2 g6 27. gxf5 gxf5 28. Rd2 Bc7 29. Ne2 h5 30. Ng3 Bxf4 31. Nxf5 Re5 32. Nd6+ Kc7 33. Rd4 Rg5+ 34. Kf3 Bxd6 0-1


[Site "https://www.chess.com"]

[Event "Titled Tuesday Blitz March 28 Early 2023"]
[White "Bodnaruk, Anastasia"]
[Black "Aanna12"]
[WhiteFideId "4181751"]
[WhiteElo "2310"]
[BlackElo "2228"]
[Result "1-0"]
[Round "01"]
[TimeControl "180+2"]
[Date "2023.03.28"]
[WhiteClock "0:01:06"]
[BlackClock "0:01:24"]

1. e4 c5 2. Nc3 d6 3. Nge2 Nc6 4. d4 cxd4 5. Nxd4 Nf6 6. Bc4 e6 7. O-O Be7 8. Be3 O-O 9. Bb3 Na5 10. f4 Bd7 11. e5 Ne8 12. Qf3 Nxb3 13. axb3 d5 14. f5 exf5 15. Nxf5 Bxf5 16. Qxf5 d4 17. Rad1 Bc5 18. Ne4 Qc8 19. Qxc8 Rxc8 20. Bf2 Bb6 21. Rd2 f5 22. Ng5 Nc7 23. Bxd4 Bxd4+ 24. Rxd4 h5 25. e6 Rce8 26. Re1 f4 27. Rd7 1-0


[Site "https://www.chess.com"]

[Event "Titled Tuesday Blitz March 28 Early 2023"]
[White "babbilator"]
[Black "Aslanov, Umid"]
[BlackFideId "13412620"]
[WhiteElo "2223"]
[BlackElo "2103"]
[Result "0-1"]
[Round "01"]
[TimeControl "180+2"]
[Date "2023.03.28"]
[WhiteClock "0:00:08"]
[BlackClock "0:01:01"]

1. e4 e5 2. Nc3 Nf6 3. Nf3 Nc6 4. Bb5 d6 5. d4 exd4 6. Nxd4 Bd7 7. O-O Be7 8. Re1 O-O 9. Bf4 a6 10. Bxc6 bxc6 11. e5 dxe5 12. Bxe5 Rb8 13. b3 Re8 14. Qf3 c5 15. Nf5 Bxf5 16. Qxf5 g6 17. Qf3 Rb6 18. Rad1 Qc8 19. Na4 Re6 20. Bxf6 Rxf6 21. Qc3 Qf5 22. Re2 Kg7 23. Rde1 Rd8 24. f3 Bd6 25. Nb2 Qf4 26. g3 Qxf3 27. Qxf3 Rxf3 28. Nc4 h5 29. Rd1 h4 30. Kg2 Rc3 31. Rd3 Rxd3 32. cxd3 hxg3 33. hxg3 Bf8 34. Re3 Rd4 35. Kf3 Bd6 36. Ke2 Rg4 0-1


[Site "https://www.chess.com"]

[Event "Titled Tuesday Blitz March 28 Early 2023"]
[White "Raahul V S"]
[Black "Fabris, Alberto"]
[WhiteFideId "25035525"]
[BlackFideId "801348"]
[WhiteElo "2168"]
[BlackElo "2214"]
[Result "1-0"]
[Round "01"]
[TimeControl "180+2"]
[Date "2023.03.28"]
[WhiteClock "0:01:02"]
[BlackClock "0:00:05"]

1. c4 e5 2. Nc3 Nf6 3. g3 Bb4 4. Bg2 O-O 5. Nf3 Re8 6. O-O d6 7. Nd5 Nxd5 8. cxd5 Nd7 9. d4 exd4 10. Nxd4 Nf6 11. Nb3 Bc5 12. Nxc5 dxc5 13. Be3 Qd6 14. Rc1 b6 15. b4 cxb4 16. Bf4 Qd7 17. Rxc7 Qb5 18. d6 Bd7 19. Bxa8 Rxa8 20. Qd3 Qxd3 21. exd3 Bb5 22. Rfc1 h6 23. Be5 Nd5 24. Rc8+ Rxc8 25. Rxc8+ Kh7 26. Rd8 f6 27. d7 Kg6 28. Bb8 a5 29. Bd6 a4 30. f4 b3 31. axb3 axb3 32. Ba3 Kf5 33. Kf2 g5 34. fxg5 hxg5 35. h4 Kg4 36. h5 f5 37. h6 Nf6 38. Rf8 Nxd7 39. h7 Nxf8 40. h8=Q Ng6 41. Qd4+ Kh5 42. Qd5 1-0


[Site "https://www.chess.com"]

[Event "Titled Tuesday Blitz March 28 Early 2023"]
[White "mjelcic"]
[Black "Budrewicz, Krzysztof"]
[BlackFideId "1127950"]
[WhiteElo "2212"]
[BlackElo "2230"]
[Result "1-0"]
[Round "01"]
[TimeControl "180+2"]
[Date "2023.03.28"]
[WhiteClock "0:00:19"]
[BlackClock "0:00:07"]

1. e4 g6 2. d4 Bg7 3. Nc3 c5 4. Be3 Qa5 5. dxc5 Bxc3+ 6. bxc3 Qxc3+ 7. Bd2 Qxc5 8. Nf3 Nc6 9. Bd3 Nf6 10. O-O d6 11. Re1 O-O 12. Bg5 Ng4 13. Qd2 Be6 14. h3 Nge5 15. Nxe5 dxe5 16. a4 Rfd8 17. Rab1 b6 18. Qe3 Qxe3 19. Bxe3 Rac8 20. Rb5 f6 21. Ra1 Na5 22. Rab1 Bc4 23. Bxc4+ Rxc4 24. Rd5 Rxd5 25. exd5 Rxa4 26. Rd1 Nc4 27. Bh6 Kf7 28. h4 Ra2 29. f4 e4 30. f5 gxf5 31. Rf1 Nd6 32. c3 Rc2 33. Ra1 a5 34. Be3 Nc4 35. Bd4 a4 36. Rxa4 b5 37. Ra7 e3 38. Kf1 f4 39. Rb7 Rb2 40. Bc5 e2+ 41. Ke1 Ne3 42. Bxe3 fxe3 43. d6 Ke8 44. Rxe7+ Kd8 45. Rxe3 Rc2 46. g4 Kd7 47. Rd3 h6 48. h5 Ra2 49. Rd5 Rc2 50. Rxb5 Kxd6 51. Rf5 Ke6 52. Rf3 Ke5 53. Rf5+ Ke4 54. Rxf6 Ke3 55. Re6+ Kd3 56. Rd6+ Kxc3 57. g5 hxg5 58. h6 Ra2 59. h7 Ra8 60. Kxe2 Rh8 61. Rd7 Kc4 62. Kf3 Kc5 63. Kg4 Kc6 64. Rg7 Kd6 65. Kxg5 Ke6 66. Kg6 Ra8 67. Rg8 Ra1 68. h8=Q Rg1+ 69. Kh5 Rh1+ 70. Kg4 Rh7 71. Qxh7 1-0


[Site "https://www.chess.com"]

[Event "Titled Tuesday Blitz March 28 Early 2023"]
[White "Dino_Ballecer"]
[Black "Napoli, Nicolo"]
[BlackFideId "813702"]
[WhiteElo "2582"]
[BlackElo "2308"]
[Result "1-0"]
[Round "01"]
[TimeControl "180+2"]
[Date "2023.03.28"]
[WhiteClock "0:00:37"]
[BlackClock "0:00:02"]

1. e4 c6 2. d4 d5 3. Nc3 dxe4 4. Nxe4 Bf5 5. Ng3 Bg6 6. h4 h6 7. Nf3 Nd7 8. Bd3 Bxd3 9. Qxd3 e6 10. Bd2 Qc7 11. O-O-O Ngf6 12. Ne4 O-O-O 13. Kb1 Kb8 14. c4 Nxe4 15. Qxe4 Nf6 16. Qe2 c5 17. Bc3 cxd4 18. Bxd4 Bd6 19. Rc1 Qe7 20. Qe3 a6 21. Rhd1 Ng4 22. Qe4 Nf6 23. Qe2 Rc8 24. Rc3 Rhd8 25. Rdc1 Nd7 26. Bxg7 f6 27. Bxh6 Qh7+ 28. Qd3 Qxh6 29. Qxd6+ Ka8 30. Qxe6 Nc5 31. Qf5 Rc7 32. g4 Na4 33. R3c2 Qf8 34. g5 Qb4 35. Qxf6 Rdc8 36. a3 Qb3 37. Nd4 Qh3 38. g6 Rxc4 39. Rxc4 Rxc4 40. Rxc4 Qd3+ 41. Rc2 Qd1+ 42. Ka2 Qf1 43. Qd8+ Ka7 44. Nc6+ bxc6 45. Qc7+ Ka8 46. Qxc6+ Ka7 47. Qd7+ Ka8 48. Rc8# 1-0


[Site "https://www.chess.com"]

[Event "Titled Tuesday Blitz March 28 Early 2023"]
[White "Ciuffoletti, Paolo"]
[Black "Ezat, Mohamed"]
[WhiteFideId "807630"]
[BlackFideId "10600906"]
[WhiteElo "2143"]
[BlackElo "2386"]
[Result "0-1"]
[Round "01"]
[TimeControl "180+2"]
[Date "2023.03.28"]
[WhiteClock "0:00:01"]
[BlackClock "0:01:08"]

1. e4 e5 2. Nf3 Nc6 3. Bc4 Nf6 4. d4 exd4 5. Ng5 Ne5 6. Bb3 h6 7. f4 hxg5 8. fxe5 Nxe4 9. Qxd4 Nc5 10. Be3 Ne6 11. Bxe6 dxe6 12. Qxd8+ Kxd8 13. Bxg5+ Be7 14. Bf4 Bd7 15. Nc3 Bc6 16. O-O-O+ Kc8 17. Rhe1 b6 18. Ne4 Kb7 19. Bg3 Rad8 20. Rxd8 Rxd8 21. Re2 Rd4 22. Nc3 Bg5+ 23. Kb1 Rd2 24. Rxd2 Bxd2 25. h4 Bxg2 26. a3 Kc6 27. Nd1 Kd5 28. b3 Bf3 29. Nf2 Be1 0-1


[Site "https://www.chess.com"]

[Event "Titled Tuesday Blitz March 28 Early 2023"]
[White "Souleidis, Georgios"]
[Black "Rose, Felix"]
[WhiteFideId "4206827"]
[BlackFideId "5105722"]
[WhiteElo "2401"]
[BlackElo "2039"]
[Result "1-0"]
[Round "01"]
[TimeControl "180+2"]
[Date "2023.03.28"]
[WhiteClock "0:00:08"]
[BlackClock "0:00:01"]

1. e4 e5 2. Nc3 Nf6 3. d4 exd4 4. Qxd4 Nc6 5. Qd3 Bb4 6. Bd2 O-O 7. O-O-O Re8 8. Nge2 a5 9. a3 Bf8 10. h4 b5 11. Qxb5 Nxe4 12. Nxe4 Rxe4 13. Bg5 Qe8 14. Nc3 Rb8 15. Qd5 Re5 16. Qf3 d6 17. Bc4 Rf5 18. Qg3 Be6 19. Rhe1 Ne5 20. Bxe6 fxe6 21. Rd4 c5 22. Rf4 1-0


[Site "https://www.chess.com"]

[Event "Titled Tuesday Blitz March 28 Early 2023"]
[White "Tagliata"]
[Black "Araujo Sanchez, Josue"]
[BlackFideId "6416896"]
[WhiteElo "2204"]
[BlackElo "2416"]
[Result "0-1"]
[Round "01"]
[TimeControl "180+2"]
[Date "2023.03.28"]
[WhiteClock "0:01:22"]
[BlackClock "0:01:44"]

1. e4 c5 2. Nf3 d6 3. Bb5+ Nd7 4. c4 Nf6 5. Nc3 g6 6. d3 Bg7 7. O-O O-O 8. Ba4 a6 9. Rb1 Nb6 10. Bc2 Bg4 11. h3 Bxf3 12. Qxf3 Nfd7 13. Qe2 Ne5 14. f4 Nc6 15. Be3 Nd7 16. Qd2 Rb8 17. f5 b5 18. Bh6 bxc4 19. dxc4 Nde5 20. Bxg7 Kxg7 21. b3 Qa5 22. fxg6 hxg6 23. Rbd1 Nd4 24. Na4 Qxd2 25. Rxd2 e6 26. Rfd1 f5 27. exf5 gxf5 28. Nc3 Kf6 29. Ne2 Nec6 30. Re1 Rg8 31. Bb1 Nf3+ 0-1


[Site "https://www.chess.com"]

[Event "Titled Tuesday Blitz March 28 Early 2023"]
[White "salgadoLO"]
[Black "Guerrero Olmos, Sergio"]
[BlackFideId "2257238"]
[WhiteElo "2204"]
[BlackElo "2266"]
[Result "0-1"]
[Round "01"]
[TimeControl "180+2"]
[Date "2023.03.28"]
[WhiteClock "0:00:01"]
[BlackClock "0:00:26"]

1. d4 Nf6 2. Bg5 Ne4 3. Bh4 c5 4. f3 Qa5+ 5. c3 Nf6 6. d5 g6 7. e4 d6 8. Na3 Bg7 9. Nc4 Qc7 10. a4 O-O 11. Bd3 Nbd7 12. Ne2 b6 13. O-O Rb8 14. h3 a6 15. Bf2 b5 16. axb5 axb5 17. Na5 Ne5 18. f4 Nxd3 19. Qxd3 Bd7 20. e5 Bf5 21. Qd2 Ne4 22. Qe3 Nxf2 23. Rxf2 dxe5 24. Nc6 exf4 25. Qxe7 Qb6 26. Nxf4 Rbe8 27. Qa7 Qxa7 28. Rxa7 Re1+ 29. Rf1 Rxf1+ 30. Kxf1 Bf6 31. d6 Kg7 32. Nd5 Be4 33. Nxf6 Kxf6 34. Rc7 Ke6 35. d7 Bxc6 36. Rxc6+ Kxd7 37. Rxc5 Rb8 38. Kf2 Kd6 39. Rg5 f5 40. Rg3 Kd5 41. Rd3+ Kc4 42. Rd4+ Kb3 43. Rb4+ Kc2 44. c4 Kd3 45. Rxb5 Re8 46. c5 Re2+ 47. Kg3 Rc2 48. b4 g5 49. Rb6 h5 50. Rd6+ Ke3 51. c6 f4+ 52. Kh2 f3 0-1


[Site "https://www.chess.com"]

[Event "Titled Tuesday Blitz March 28 Early 2023"]
[White "Tica, Sven"]
[Black "Torres Dominguez, David"]
[WhiteFideId "14526948"]
[BlackFideId "2220857"]
[WhiteElo "2348"]
[BlackElo "1999"]
[Result "1-0"]
[Round "01"]
[TimeControl "180+2"]
[Date "2023.03.28"]
[WhiteClock "0:00:54"]
[BlackClock "0:00:07"]

1. e4 Nc6 2. d4 e5 3. d5 Nce7 4. c4 Ng6 5. Nc3 Bc5 6. g3 Nf6 7. Bg2 d6 8. h3 O-O 9. Nge2 a5 10. O-O Bd7 11. Qd3 h6 12. Be3 Bxe3 13. Qxe3 Nh7 14. f4 exf4 15. Nxf4 Nxf4 16. Rxf4 Qe7 17. Raf1 Rae8 18. Ne2 f5 19. Nd4 fxe4 20. Rxf8+ Nxf8 21. Rf4 Ng6 22. Rxe4 Qf8 23. Rxe8 Qxe8 24. Qxe8+ Bxe8 25. Ne6 c6 26. Nd8 Ne5 27. Nxb7 Nxc4 28. b3 Ne5 29. Nxd6 Bd7 30. dxc6 Bxc6 31. Nc4 Nxc4 32. Bxc6 Ne5 33. Bd5+ Kf8 34. Kf2 Ke7 35. Ke3 Kd6 36. Kd4 Nd7 37. a3 Nf6 38. Bf3 g5 39. h4 g4 40. Be4 Nh5 41. Bf5 Nxg3 42. Bxg4 h5 43. Bh3 Ne2+ 44. Kc4 Nf4 45. Bf1 Ng6 46. Kb5 Nxh4 47. Kxa5 Nf5 48. b4 Ne3 49. Be2 h4 50. b5 h3 51. Ka6 h2 52. Bf3 Nc4 53. Ka7 Kc7 54. a4 1-0


[Site "https://www.chess.com"]